AoeStats
← Mameluco

Arabian Desert

509966970Analyzed
1v1 RM · 2d ago on Sep 28, 2026· 40m 38s· 2 players
Game mode
Random Map
Map size
Tiny (2 player)
Population
200
Speed
Normal
Resources
Standard
Victory
Conquest
Starting age
Dark Age
Ending age
Imperial Age
RankedLock teamsTeams togetherTeam positionsShared explorationLock speedFull tech treeHidden civsTurbo modeCheats
Victory
Defeat
🇪🇸 Tupi · Spain
859
+17
🇧🇷 Bulgarians · Brazil
880
-46
Mameluco
1:38 Loom
11:05 Feudal Age
21:23 Castle Age
27:09 Fletching
30:22 Bodkin Arrow
33:13 Gold Mining
33:47 Ballistics
RodrigoOBOM
6:52 Loom
10:31 Feudal Age
25:28 Castle Age
24:46 Bloodlines
25:05 Double-Bit Axe
25:06 Horse Collar
26:52 Bow Saw
26:44 Heavy Plow
29:02 Scale Barding Armor
34:05 Elite Skirmisher
34:37 Fletching
37:14 Thumb Ring
Connection lost

Rejoining the realm…

Still unreachable

The connection could not be restored.

Session expired

The server has moved on; the page needs a fresh start.